 Dungeon Crawl Stone Soup version 0.27.1-2-g3b301248ec (webtiles) character file.

Game seed: 14911792539462556167

153 nxtlvl the Chopper (level 5, -3/45 HPs)
             Began as a Draconian Berserker on Sept 29, 2021.
             Was a Believer of Trog.
             Slain by an orc wizard (4 damage)
             ... on level 3 of the Dungeon on Sept 30, 2021.
             The game lasted 00:04:49 (488 turns).

nxtlvl the Chopper (Draconian Berserker)             Turns: 488, Time: 00:04:50

Health: -3/45      AC:  5    Str: 20    XL:     5   Next: 12%
Magic:  5/5        EV: 11    Int:  7    God:    Trog [**....]
Gold:   21         SH:  3    Dex: 11    Spells: 4/4 levels left

rFire    . . .     SeeInvis .   a - +0 hand axe
rCold    . . .     Faith    .   c - +0 buckler
rNeg     . . .     Spirit   .   (armour unavailable)
rPois    .         Reflect  .   (helmet restricted)
rElec    .         Harm     .   (no cloak)
rCorr    .         Rampage  .   (no gloves)
Will     .....                  (no boots)
Stlth    +.........             (no amulet)
HPRegen  0.15/turn              (no ring)
MPRegen  0.09/turn              (no ring)

@: on berserk cooldown, attractive
A: AC +5, unfitting armour, cold-blooded
a: Renounce Religion, Berserk, Trog's Hand


You were on level 3 of the Dungeon.
You worshipped Trog.
Trog was pleased with you.
You visited 1 branch of the dungeon, and saw 3 of its levels.

You collected 21 gold pieces.

Inventory:

Hand Weapons
 a - a +0 hand axe (weapon)
 b - a +0 hunting sling
Missiles
 j - 20 bolts
Armour
 c - a +0 buckler (worn)
Scrolls
 d - a scroll of fear {unknown}
 e - a scroll of torment {unknown}
 f - 2 scrolls of identify {unknown}
 h - a scroll of teleportation {unknown}
 i - a scroll of noise {unknown}


   Skills:
 - Level 3.2 Fighting
 * Level 5.9 Axes
 - Level 2.6 Dodging


You had 4 spell levels left.
You didn't know any spells.
Your spell library was empty.

Dungeon Overview and Level Annotations

Branches:
Dungeon (3/15)

Altars:

Shops:
D:1 ?


Innate Abilities, Weirdness & Mutations

Your plain brown scales are hard. (AC +5)
You cannot fit into any form of body armour.
You are cold-blooded and may be slowed by cold attacks.


Message History

You hit something.
Your tail-slap misses something.
Something hits you but does no damage.
You hear some strange, mumbled words.
You are confused.
You bump into the rock wall.
It was a potion of attraction.
You feel attractive to monsters. The orc hits you with a +0 club.
* * * LOW HITPOINT WARNING * * *
It was a potion of berserk rage.
You're still recovering from your berserk rage.
The orc hits you with a +0 club.
* * * LOW HITPOINT WARNING * * *
The orc hits you but does no damage.
You bump into the rock wall.
You feel less confused. The orc hits you but does no damage.
You hit the orc. You tail-slap the orc.
The orc is heavily wounded.
The orc barely misses you. You block the orc's attack.
You hit the orc.
You kill the orc!
Trog accepts your kill.
You hear some strange, mumbled words.
Something tries to affect you, but you resist.
You hit something.
Your tail-slap misses something.
Something hits you.
* * * LOW HITPOINT WARNING * * *
You block something's attack.
You miss something. Something hits you but does no damage.
You miss something.
You feel yourself speed up. Something hits you.
* * * LOW HITPOINT WARNING * * *
You block something's attack.
You closely miss something. Something hits you.
* * * LOW HITPOINT WARNING * * *
You miss something. Something hits you.
* * * LOW HITPOINT WARNING * * *
You hit something but do no damage. Something hits you.
You die...

###..############ ##.#
#.# #. #.# #. #.######
####.##### #......#
.........## #......#
..........########.....#
...........##.{@.......#
..........))..####.....#
..........)#### #.....#
...........# #.....#
...........# #.....#
..........## #######
.........## ##########


There were no monsters in sight!

Vanquished Creatures
  A bullfrog (D:3)
  4 gnolls (D:3)
  An adder (D:2)
  2 dart slugs
  5 orcs (D:3)
  5 ball pythons
  3 bats
  An endoplasm (D:1)
  A giant cockroach (D:3)
  4 goblins
  5 hobgoblins
  2 frilled lizards
  4 kobolds
  2 rats (D:1)
40 creatures vanquished.

Vanquished Creatures (others)
  4 plants (D:2)
4 creatures vanquished.

Grand Total: 44 creatures vanquished

Notes
Turn   | Place    | Note
-------+----------+-------------------------------------------
     0 | D:1      | nxtlvl the Draconian Berserker began the quest for the Orb.
     0 | D:1      | Reached XP level 1. HP: 19/19 MP: 1/1
    23 | D:1      | Found Ylen's Magic Scroll Boutique.
    52 | D:1      | Reached XP level 2. HP: 25/26 MP: 2/2
   214 | D:1      | Reached ** piety under Trog
   215 | D:1      | Reached skill level 4 in Axes
   244 | D:2      | Reached XP level 3. HP: 31/31 MP: 3/3
   397 | D:3      | Reached skill level 5 in Axes
   397 | D:3      | Reached XP level 4. HP: 21/38 MP: 4/4
   450 | D:3      | Noticed a bullfrog
   452 | D:3      | Killed a bullfrog
   453 | D:3      | Reached XP level 5. HP: 38/45 MP: 5/5
   486 | D:3      | HP: 2/45 [something (1)]
   488 | D:3      | Slain by an orc wizard

Illustrated notes

Levels and vault maps discovered:
D:1:      minmay_arrival_nine_rooms, layout_basic, serial_shops,
          nicolae_square_shop
D:2:      layout_rooms, serial_forest, infiniplex_forest_clump_small,
          infiniplex_forest_lined_1, infiniplex_forest_end_2,
          infiniplex_forest_straight_3, infiniplex_forest_straight_5,
          infiniplex_forest_zigzag_1
D:3:      layout_rooms, hellmonk_ecumenical_altar_slurped_away

Skill      XL: |  1  2  3 |
---------------+----------+-----
Axes           | 4 5 |  5.9
Fighting       | |  3.2
Dodging        | |  2.6

Action                   |  1- 3 |  4- 6 || total
-------------------------+-------+-------++-------
Melee: Hand axe          |    83 |    20 ||   103
       Tailslap          |     4 |     2 ||     6
Invok: Berserk           |     4 |     1 ||     5
  Use: Potion            |       |     2 ||     2
Armor: Skin              |    30 |     5 ||    35
Dodge: Dodged            |    43 |     6 ||    49
Block: Buckler           |     5 |     5 ||    10
